 Dungeon Crawl Stone Soup version 0.22-a0-455-ga0624bf (webtiles) character file.

756 KristoblXynda the Slasher (level 7, -1/60 HPs)
             Began as a Naga Gladiator on June 5, 2018.
             Was a Follower of Cheibriados.
             Slain by a gnoll shaman
             ... wielding a +0 whip
              (4 damage)
             ... on level 4 of the Dungeon.
             The game lasted 00:09:11 (4368 turns).

KristoblXynda the Slasher (Naga Gladiator)          Turns: 4368, Time: 00:09:12

Health: -1/60      AC: 13    Str: 24    XL:     7   Next: 79%
Magic:  7/7        EV:  8    Int: 14    God:    Cheibriados [*.....]
Gold:   256        SH:  0    Dex: 15    Spells: 6/6 levels left

rFire    + . .     SeeInvis +   a - +0 long sword
rCold    . . .     Gourm    .   (no shield)
rNeg     + . .     Faith    .   j - +3 chain mail {rF+}
rPois    +         Spirit   .   c - +1 helmet
rElec    .         Reflect  .   l - +0 cloak
rCorr    .         Harm     .   (no gloves)
MR       .....                  (no barding)
Stlth    ..........             (no amulet)
HPRegen  0.20/turn              p - ring of wizardry
MPRegen  0.10/turn              t - ring of positive energy

@: mighty, short of breath, very slow
A: large, see invisible, deformed body, poison resistance, slowness 2, slow
metabolism 1, spit poison 1, AC +2
a: Spit Poison, Bend Time, Renounce Religion


You were on level 4 of the Dungeon.
You worshipped Cheibriados.
Cheibriados was aware of your devotion.
You were not hungry.

You visited 1 branch of the dungeon, and saw 4 of its levels.

You collected 256 gold pieces.

Inventory:

Hand Weapons
 a - a +0 long sword (weapon)
Missiles
 d - 3 throwing nets (quivered)
Armour
 c - a +1 helmet (worn)
 j - a +3 chain mail of fire resistance (worn)
 l - a +0 cloak (worn)
Jewellery
 p - a ring of wizardry (left hand)
 t - a ring of positive energy (right hand)
Scrolls
 e - a scroll of magic mapping
 h - 2 scrolls of remove curse
 s - a scroll of identify
Potions
 g - a potion of resistance
 n - a potion of haste
 o - a potion of magic
Comestibles
 f - 10 rations


   Skills:
 - Level 2.0 Fighting
 * Level 6.6 Long Blades
 - Level 2.0 Throwing
 + Level 3.1 Armour
 + Level 4.2 Dodging


You had 6 spell levels left.
You didn't know any spells.
Your spell library was empty.

Dungeon Overview and Level Annotations

Branches:
Dungeon (4/15)
 Temple: D:4-7

Altars:
Ashenzari
Cheibriados
Okawaru
Ru
Trog

Annotations:
D:4 KristoblXynda's ghost, amateur DDFi


Innate Abilities, Weirdness & Mutations

You cannot wear boots.
Your serpentine skin is tough. (AC +2)
You have supernaturally acute eyesight. (SInv)
Armour fits poorly on your strangely shaped body.
Your system is resistant to poisons. (rPois)
You cover ground very slowly.
You have a slow metabolism.
You can spit poison.


Message History

The gnoll hits you but does no damage. The adder zombie barely misses you.
You riposte.
You slash the adder zombie!
The adder zombie is moderately damaged.
Things that are here:
a hand axe of freezing; a leather armour; an orc corpse
Press: ? - help, Shift-Dir - straight line The splash of poison hits the gnoll.
The gnoll appears unharmed.
You feel slightly more hungry. The worker ant barely misses you.
The gnoll barely misses you.
You riposte.
You hit the gnoll.
The gnoll is moderately wounded.
The gnoll shaman hits you with a whip.
* * * LOW HITPOINT WARNING * * *
The gnoll hits you but does no damage.
The adder zombie bites you but does no damage.
The worker ant barely misses you.
You feel very mighty all of a sudden. The gnoll hits you with a halberd!
* * * LOW HITPOINT WARNING * * *
The gnoll shaman hits you with a whip.
You die...

#.. #............
#..
#.............
#..
#......>......
#..
#.............
#.[
#.............
#..
#.............
#..
####....ga.......
#..
........@g.......
#..
....%...gZ######
#..
.......(..'....#
#..
..........#....#
#..
..........#....#
#..
..........#....#
#..
.........(#....#
#..
........>.#....#
#..
..........#...##
#..


You could see a gnoll shaman, a worker ant, 2 gnolls and an adder zombie.

Vanquished Creatures
  Grinder (D:3)
  Sigmund (D:3)
  An ice beast (D:3)
  A bullfrog zombie (D:2)
  An orc priest (D:2)
  2 orc wizards (D:2)
  Crazy Yiuf (D:3)
  6 gnolls
  3 adders
  An ooze (D:3)
  2 worms
  2 dart slugs
  6 leopard geckos
  5 orcs
  4 giant cockroaches
  10 goblins
  11 hobgoblins
  9 kobolds
  2 ball pythons
  10 bats
  3 frilled lizards
  12 rats
94 creatures vanquished.

Notes
Turn   | Place    | Note
-------+----------+-------------------------------------------
     0 | D:1      | KristoblXynda the Naga Gladiator began the quest for the Orb.
     0 | D:1      | Reached XP level 1. HP: 19/19 MP: 1/1
   103 | D:1      | Reached XP level 2. HP: 22/26 MP: 2/2
   336 | D:1      | Reached XP level 3. HP: 32/32 MP: 3/3
   809 | D:2      | Reached skill level 4 in Long Blades
   809 | D:2      | Reached skill level 1 in Armour
   809 | D:2      | Reached XP level 4. HP: 17/39 MP: 4/4
  1123 | D:2      | Found a sacrificial altar of Ru.
  1263 | D:2      | Reached XP level 5. HP: 22/45 MP: 5/5
  1826 | D:3      | Found a snail-covered altar of Cheibriados.
  1831 | D:3      | Noticed Sigmund
  1835 | D:3      | Became a worshipper of Cheibriados the Contemplative
  1855 | D:3      | Killed Sigmund
  1855 | D:3      | Reached skill level 5 in Long Blades
  1855 | D:3      | Reached XP level 6. HP: 23/52 MP: 6/6
  1907 | D:3      | Found a shattered altar of Ashenzari.
  2168 | D:3      | Noticed an ice beast
  2492 | D:3      | Killed an ice beast
  2492 | D:3      | Reached XP level 7. HP: 24/60 MP: 7/7
  2826 | D:3      | Reached * piety under Cheibriados
  2854 | D:3      | Noticed Grinder
  2871 | D:3      | Paralysed by Grinder for 3 turns
  2880 | D:3      | Paralysed by Grinder for 5 turns
  2888 | D:3      | Paralysed by Grinder for 7 turns
  2904 | D:3      | Paralysed by Grinder for 6 turns
  2911 | D:3      | Killed Grinder
  2911 | D:3      | Reached skill level 6 in Long Blades
  3130 | D:3      | Found a runed door.
  3230 | D:3      | Noticed Crazy Yiuf
  3237 | D:3      | Killed Crazy Yiuf
  3325 | D:3      | Noticed a moth of wrath
  3328 | D:3      | Found a bloodstained altar of Trog.
  3431 | D:3      | Found an iron altar of Okawaru.
  3949 | D:4      | Noticed KristoblXynda's ghost (amateur DDFi)
  4368 | D:4      | HP: 3/60 [gnoll/halberd (9)]
  4368 | D:4      | Slain by a gnoll shaman

Vault maps used:
D:1:      dpeg_arrival_arbitrary_b, minmay_split_cup_large
D:2:      old_standard_altar, first_ration
D:3:      tgw_trog, ashenzari_conservatory_becter,
          nicolae_overflow_crystal_walls, serial_bayou, serial_bayou_pond_e,
          serial_bayou_lagoon_a, serial_bayou_pond_d, serial_bayou_ford_a,
          serial_bayou_shore_b, okawaru_trees_2, uniq_grinder,
          uniq_crazy_yiuf_cottage, uniq_sigmund

Skill      XL: |  1  2  3  4  5  6  7 |
---------------+----------------------+-----
Throwing       | 2 |  2.0
Long Blades    | 4 5 6 |  6.6
Armour         | 1 2 3 |  3.1
Dodging        | 3 4 |  4.2
Fighting       | |  2.0

Action                   |  1- 3 |  4- 6 |  7- 9 || total
-------------------------+-------+-------+-------++-------
Melee: Long sword        |   107 |   227 |   104 ||   438
Throw: Throwing net      |       |     3 |     1 ||     4
 Abil: Spit Poison       |       |     6 |     4 ||    10
  Use: Potion            |       |     3 |     2 ||     5
       Scroll            |       |     3 |     6 ||     9
  Eat: Chunk             |       |     2 |     3 ||     5
       Ration            |       |     1 |       ||     1
Armor: Leather armour    |    17 |       |       ||    17
       Chain mail        |    58 |   219 |   156 ||   433
Dodge: Dodged            |    66 |   100 |    74 ||   240
       Rpst.: Long sword |    20 |    19 |    14 ||    53

Table legend:
 A = Spawn XP
 B = Non-spawn XP
 C = Spawn XP percentage of total XP
 D = Spawn monster count
 E = Non-spawn monster count
 F = Spawn count percentage of total count
 G = Total turns spent on level
                    A         B        C        D         E        F      G
               +---------+---------+-------+---------+---------+-------+---------
         Total |       0 |    1081 |   0.0 |       0 |      94 |   0.0 |  4368
               +---------+---------+-------+---------+---------+-------+---------
           D:1 |       0 |      45 |   0.0 |       0 |      26 |   0.0 |   788
           D:2 |       0 |     220 |   0.0 |       0 |      25 |   0.0 |   922
           D:3 |       0 |     755 |   0.0 |       0 |      37 |   0.0 |  2178
           D:4 |       0 |      61 |   0.0 |       0 |       6 |   0.0 |   480
               +---------+---------+-------+---------+---------+-------+---------
